 Dungeon Crawl Stone Soup version 0.15-a0-2265-gb33f7a6 (webtiles) character file.

294 Crauler the Shield-Bearer (level 6, -2/43 HPs)
             Began as a Halfling Fighter on July 27, 2014.
             Slain by a phantom (6 damage)
             ... on Level 3 of the Dungeon.
             The game lasted 00:08:31 (3051 turns).

Crauler the Shield-Bearer (Halfling Fighter)        Turns: 3051, Time: 00:08:31

HP  -2/43        AC  7     Str 17      XL: 6   Next: 60%
MP   6/6         EV  8     Int 12      God:
Gold 316         SH 10     Dex 15      Spells:  0 memorised,  5 levels left

rFire  . . .     SeeInvis .     u - +0 falchion
rCold  . . .     Clarity  .     b - +0 scale mail
rNeg   . . .     rCorr    .     v - +0 shield
rPois  .         rRot     .     (no helmet)
rElec  .         Spirit   .     (no cloak)
SustAb .         Warding  .     (no gloves)
rMut   .         Stasis   .     (no boots)
Gourm  .                        (no amulet)
MR     .....                    j - +5 ring of intelligence
                                r - ring of teleport control

@: not resistant to hostile enchantments, extremely unstealthy
A: mutation resistance 1
a: Evoke Teleport Control


You were on level 3 of the Dungeon.
You were hungry.

You visited 1 branch of the dungeon, and saw 4 of its levels.

You collected 316 gold pieces.

Inventory:

Hand weapons
 a - a +0 long sword
 u - a +0 falchion (weapon)
Missiles
 t - 6 poisoned needles
 x - 5 tomahawks (quivered)
Armour
 b - a +0 scale mail (worn)
 c - a +0 buckler
 v - a +0 shield (worn)
Magical devices
 z - a wand of paralysis (14) {unknown}
Comestibles
 d - 4 bread rations
 C - a rotting chunk of quokka flesh
Scrolls
 f - a scroll of noise {unknown}
 g - 2 scrolls of magic mapping {unknown}
 k - 3 scrolls of random uselessness {unknown}
 l - a scroll of enchant weapon {unknown}
 n - 2 scrolls of remove curse {unknown}
 o - a scroll of amnesia {unknown}
 p - 5 scrolls of identify {unknown}
 q - 3 scrolls of immolation {unknown}
 s - a scroll of fear {unknown}
 y - a scroll of recharging {unknown}
Jewellery
 i - an uncursed ring of fire
 j - a +5 ring of intelligence (right hand)
 r - a ring of teleport control (left hand)
Potions
 e - a potion of might
 h - a potion of flight {unknown}
 m - a potion of confusion {unknown}
 w - a potion of restore abilities {unknown}
 A - 3 potions of curing {unknown}
 B - a potion of berserk rage {unknown}


   Skills:
 + Level 3.6 Fighting
 * Level 4.2 Long Blades
 + Level 4.3 Armour
 + Level 4.5 Shields


You had 5 spell levels left.
You didn't know any spells.

Dungeon Overview and Level Annotations

Branches:
Dungeon (4/15)
 Temple: D:4-7

Altars:

Annotations:
D:4 tabulaattori's ghost, weakling MfGl


Innate Abilities, Weirdness & Mutations

You are small and have problems with some larger weapons.
You are somewhat resistant to further mutation.


Message History

The phantom is almost destroyed.
You block the phantom's attack.
You closely miss the phantom.
The phantom is almost destroyed.
The phantom barely misses you.
You miss the phantom.
The phantom is almost destroyed.
You block the phantom's attack.
You barely miss the phantom.
The phantom is almost destroyed.
The phantom blinks!
The phantom hits you.
* * * LOW HITPOINT WARNING * * *
Your shield and scale mail prevent you from hitting the phantom.
The phantom is almost destroyed.
You block the phantom's attack. The phantom completely misses you.
You barely miss the phantom.
The phantom is almost destroyed.
The phantom hits you.
You die...

###
##########.############
#<....>...............####
#.########.#.##...........
#.# ####W#..............
#.# #..@.#..#......)###.
#[# #.####..#.#####.<...
#.# #.# #..#.# ###... #.#
###.# #..#.# #..... #.#
#..(# #..#.# ##.#...
#.###.### #..#.# ##......
#.##...#####....###.....#.
#....)..........<.........
####...##.###...###.....#[


You could see a phantom.

Vanquished Creatures
  A crimson imp (D:3)
  2 orc priests (D:3)
  9 adders
  A giant mite (D:4)
  3 worms
  3 giant geckos
  3 orcs (D:3)
  2 ball pythons
  6 bats
  4 giant cockroaches
  14 hobgoblins
  12 kobolds
  4 quokkas
  2 giant newts
  8 goblins
  7 jackals
  8 rats
  A rat skeleton (D:4)
90 creatures vanquished.

Notes
Turn   | Place    | Note
--------------------------------------------------------------
     0 | D:1      | Crauler, the Halfling Fighter, began the quest for the Orb.
     0 | D:1      | Reached XP level 1. HP: 15/15 MP: 1/1
   104 | D:1      | Reached XP level 2. HP: 18/20 MP: 2/2
   312 | D:1      | Reached XP level 3. HP: 18/25 MP: 3/3
   556 | D:2      | Reached XP level 4. HP: 11/31 MP: 4/4
  1133 | D:3      | Reached XP level 5. HP: 25/36 MP: 5/5
  1300 | D:3      | Reached skill level 4 in Armour
  1600 | D:3      | Reached XP level 6. HP: 40/42 MP: 6/6
  2030 | D:3      | HP: 1/42 [orc priest/divine providence (14)]
  2822 | D:4      | Noticed tabulaattori's ghost (weakling MfGl)
  3051 | D:3      | Slain by a phantom

Action                   |  1- 3 |  4- 6 || total
-------------------------+-------+-------++-------
Melee: Long sword        |   102 |   207 ||   309
       Falchion          |       |   111 ||   111
  Eat: Chunk             |       |     7 ||     7
